[Event "Deloitte NK 2021 Vrouwen"]
[Site "Hoogeveen, Netherlands"]
[Date "2021.10.21"]
[Round "5.1"]
[White "Kazarian, Anna-Maja"]
[Black "Van Foreest, Machteld"]
[Result "1/2-1/2"]
[TimeControl "90min/40moves + 30min + 30sec/move"]
[WhiteElo "2125"]
[BlackElo "2132"]

1. c4 e5 2. g3 Nf6 3. Bg2 d5 4. cxd5 Nxd5 5. Nc3 Nb6 6. Nf3 Nc6 7. O-O Be7 8. a3 O-O 9. b4 a6 10.
d3 Be6 11. Be3 Nd5 12. Nxd5 Bxd5 13. Qc2 Qd7 14. Bc5 Bxc5 15. Qxc5 Rfe8 16. Rfe1 Bxf3 17. Bxf3 Nd4 18. Bxb7 Rab8 19.
Bg2 Nb3 20. Qc3 Nxa1 21. Bc6 Qd4 22. Qxd4 exd4 23. Bxe8 Nc2 24. Rc1 Nxa3 25. Bd7 Rxb4 26. Rxc7 Kf8 27. Ra7 Nb1 28. Rxa6 Nc3 29.
Bg4 g6 30. h4 h5 31. Bf3 Ke7 32. Rc6 Kd7 33. Rf6 Ke7 34. Ra6 Rb1+ 35. Kg2 Rb2 36. Rc6 Nxe2 37. Bxe2 Rxe2 38. Rc4 Ra2 39.
Rxd4 f6 40. Kf3 Ra5 41. Ke3 g5 42. Rc4 Ke6 43. Rc6+ Kf5 44. f3 Rb5 45. hxg5 Kxg5 46. Rc8 Re5+ 47. Kd2 Re6 48. d4 Ra6 49.
Rc2 f5 50. Ke2 Ra3 51. d5 f4 52. d6 Re3+ 53. Kf2 Rd3 54. Rc5+ Kg6 55. gxf4 Rxd6 56. Kg3 Rf6 57. Rg5+ Kh6 58.
Re5 Kg6 59. Rd5 Rf5 60. Rd8 Kg7 61. Rd6 Kh7 62. Re6 Kg7 63. Re5 Kg6 64. Re6+ 1/2-1/2